 Dungeon Crawl Stone Soup version 0.25-a0-420-g1cc7eeb0d1 (webtiles) character file.

Game seed: 4881192804201390888, levelgen mode: deterministic

0 MrRokkomies the Ducker (level 1, -1/11 HPs)
             Began as a Spriggan Abyssal Knight on Jan 19, 2020.
             Was a Follower of Lugonu.
             Slain by a starspawn tentacle (3 damage)
             ... attached to a tentacled starspawn
             ... on level 2 of the Abyss.
             The game lasted 00:00:35 (66 turns).

MrRokkomies the Ducker (Spriggan Abyssal Knight)      Turns: 66, Time: 00:00:36

Health: -1/11      AC:  2    Str:  8    XL:     1   Next: 0%
Magic:  3/3        EV: 15    Int: 13    God:    Lugonu [*.....]
Gold:   0          SH:  0    Dex: 15    Spells: 0/0 levels left

rFire    . . .     SeeInvis +   d - +9 lajatang of the Sun {drain, *Contam *Slow rN+++ MR+++}
rCold    . . .     Gourm    .   (shield currently unavailable)
rNeg     + + +     Faith    .   b - +0 robe
rPois    .         Spirit   .   (helmet restricted)
rElec    .         Reflect  .   (no cloak)
rCorr    .         Harm     .   (gloves unavailable)
MR       +++..                  (boots unavailable)
Stlth    +.........             (no amulet)
HPRegen  0.03/turn              (no ring)
MPRegen  0.08/turn              (no ring)

@: constricted, very quick
A: very small, unfitting armour, see invisible, herbivore, speed 3, slow
metabolism 2
a: Depart the Abyss, Renounce Religion


You were on level 2 of the Abyss.
You worshipped Lugonu.
Lugonu was aware of your devotion.
You were not hungry.

You visited 0 branches of the dungeon, and saw 0 of its levels.
You visited the Abyss 1 time.

Inventory:

Hand Weapons
 a - a +1 short sword
 d - the +9 lajatang of the Sun (weapon) {drain, *Contam *Slow rN+++ MR+++}
   (You found it on level 2 of the Abyss)

   A truly terrible weapon, it drains the life of those it strikes.
   It renders you almost immune to negative energy.
   It affects your resistance to hostile enchantments.
   It causes magical contamination when unequipped.
   It may slow you when you take damage.
Armour
 b - a +0 robe (worn)
Comestibles
 c - a ration


   Skills:
 + Level 2.4 Fighting
 + Level 2.1 Short Blades
 + Level 3.5 Dodging
 + Level 1.7 Invocations


You couldn't memorise any spells.
You didn't know any spells.
Your spell library was empty.

Dungeon Overview and Level Annotations

Branches:
Dungeon (0/15)

Altars:


Innate Abilities, Weirdness & Mutations

You are very small and have problems with some larger weapons.
You are too small for most types of armour.
You have supernaturally acute eyesight. (SInv)
You are a herbivore.
You cover ground extremely quickly.
You need to consume almost no food.


Message History

A tentacled starspawn comes into view.
Tentacles burst from the starspawn's body! 2 starspawn tentacles come into view.
A tentacle flies out from the starspawn's body!
A starspawn tentacle comes into view.
A starspawn tentacle comes into view.
The starspawn tentacle grabs you. The starspawn tentacle constricts you.
You escape the starspawn tentacle's grasp.
The starspawn tentacle closely misses you.
The starspawn tentacle grabs you. The starspawn tentacle constricts you.
You escape the starspawn tentacle's grasp.
A starspawn tentacle segment comes into view.
The starspawn tentacle grabs you.
* * * LOW HITPOINT WARNING * * *
The starspawn tentacle constricts you.
You hit the starspawn tentacle segment.
The starspawn tentacle segment is lightly damaged.
The tentacle pulls you backwards!
A tentacle flies out from the starspawn's body!
You die...

.. .... .. .. .... ...
.. #.. #..##..#
..##..##..##..## ##. ..
............... .. ...
............ ... #..
#..##..# ..# ..#
##..##..##@w##..##..##
............\§.§.......
.............\Z......#
#..##..##..##│.##. ##
#. ##..##.Λ# │.## .#.#
..........X.─ .......#
...........w... .....
##..##..##..##..##.. #
#.. # .##..##..## .#


You could see a tentacled starspawn, 2 starspawn tentacles and a snapping turtle
skeleton.

Vanquished Creatures (others)
  3 starspawn tentacles (Abyss:2)
3 creatures vanquished.

Notes
Turn   | Place    | Note
-------+----------+-------------------------------------------
     0 | Abyss:1  | MrRokkomies the Spriggan Abyssal Knight began the quest for
                  | the Orb.
     0 | Abyss:1  | Reached XP level 1. HP: 11/11 MP: 3/3
    43 | Abyss:2  | Got an ancient lajatang
    44 | Abyss:2  | Identified the +9 lajatang of the Sun {drain, *Contam *Slow
                  | rN+++ MR+++} (You found it on level 2 of the Abyss)
    45 | Abyss:2  | Noticed a tentacled starspawn
    66 | Abyss:2  | Slain by a starspawn tentacle

Levels and vault maps discovered:
Abyss:2

Action                   || total
-------------------------++-------
Melee: Lajatang          ||     1
Dodge: Dodged            ||     1

Table legend:
 A = Non-vault XP
 B = Vault XP
 C = Vault XP percentage of total XP
 D = Non-vault monster count
 E = Vault monster count
 F = Vault count percentage of total count
                 A         B        C        D         E       F
            +---------+---------+-------+---------+---------+-------
      Total |       0 |       0 |   N/A |       0 |       0 |  -nan
            +---------+---------+-------+---------+---------+-------
            +---------+---------+-------+---------+---------+-------
